Map: Dreamcatcher LE

Players

Rail - Winner!

  • Race: Protoss Protoss
  • Spawn Location: 11:00

JackO

  • Race: Protoss Protoss
  • Spawn Location: 5:00

Event: WCS Valencia 2018

VOD

Have the link to the VOD?

Description

Time

  • Played on: July 12, 2018, 6:13 a.m.
  • Length: 9:43

All games in this series

Show
View Real Time Build Order
Export as new Build Order

Rail Protoss - Winner!

Build Orders: Phoenix Opening 

Get SALT Encoding   

  12  0:00  Probe  
  13  0:12  Probe  
  14  0:17  Pylon  
  14  0:24  Probe  
  15  0:32  Probe  
  15  0:37  Gateway  
  15  0:40  Probe  
  16  0:48  Assimilator  
  17  0:51  Probe  
  17  0:55  Assimilator  
  18  0:59  Probe  
  19  1:08  Gateway, Probe  
  19  1:17  Probe  
  20  1:24  Cybernetics Core  
  21  1:29  Probe  
  22  1:34  Pylon  
  22  1:41  Probe  
  23  1:51  Warp Gate  
  23  1:54  Probe  
  24  2:01  Sentry, Stalker  
  28  2:06  Probe  
  29  2:09  Pylon  
  29  2:18  Probe  
  30  2:32  Stargate  
  29  2:53  Robotics Facility  
  29  2:57  Nexus  
  29  3:04  Stalker  
  31  3:14  Shield Battery  
  31  3:20  Phoenix  
  31  3:25  Probe  
  34  3:32  Pylon  
  34  3:35  Immortal  
  40  3:56  Stalker  
  40  3:58  Zealot  
  42  4:08  Phoenix  
  42  4:10  Probe x2  
  46  4:22  Probe x2  
  48  4:26  Phoenix  
  48  4:34  Probe  
  48  4:35  Probe  
  52  4:40  Pylon  
  52  4:45  Phoenix  
  52  4:46  Probe  
  52  5:00  Pylon, Probe  
  52  5:04  Stalker  
  53  5:08  Stalker  
  53  5:10  Probe  
  53  5:11  Probe  
  56  5:19  Probe  
  57  5:27  Probe  
  59  5:30  Phoenix  
  59  5:35  Zealot, Stalker  
  63  5:38  Probe  
  64  5:50  Immortal  
  64  5:51  Probe x2  
  66  6:03  Probe x2  
  66  6:04  Stalker x2  
  68  6:15  Probe  
  68  6:17  Probe  
  68  6:22  Assimilator  
  68  6:23  Assimilator  
  68  6:25  Probe  
  68  6:27  Twilight Council, Probe  
  70  6:33  Probe  
  70  6:34  Blink  
  70  6:38  Zealot  
  70  6:39  Zealot, Probe  
  76  6:41  Pylon  
  76  6:43  Probe  
  75  6:48  Observer  
  75  6:51  Probe  
  77  6:55  Probe  
  77  6:59  Pylon  
  76  7:02  Gateway x2, Sentry, Stalker  
  76  7:03  Probe  
  81  7:21  Pylon  
  81  7:23  Pylon  
  81  7:24  Pylon  
  81  7:26  Shield Battery  
  81  7:28  Immortal  
  83  7:33  Stalker  
  85  7:37  Stalker  
  85  7:40  Shield Battery  
  87  7:45  Shield Battery  
  87  7:57  Stalker  
  89  7:58  Stalker  
  89  7:59  Sentry  
  89  8:00  Stalker  
  89  8:05  Warp Prism  
  95  8:08  Gateway  
  95  8:10  Gateway  
  97  8:27  Sentry x2, Stalker  
  99  8:28  Stalker  
  99  8:30  Pylon  
  105  8:45  Pylon  
  105  8:46  Pylon  
  105  8:51  Stalker x2  
  105  8:52  Stalker  
  111  9:10  Stalker x3  
  111  9:15  Stalker x3  
  113  9:38  Stalker x5  
Show
View Real Time Build Order
Export as new Build Order

JackO Protoss 

Build Orders: Oracle Opening 

Get SALT Encoding   

  12  0:00  Probe  
  13  0:12  Probe  
  14  0:18  Pylon  
  14  0:25  Probe  
  15  0:34  Probe  
  15  0:36  Gateway  
  15  0:42  Probe  
  16  0:47  Assimilator  
  17  0:52  Probe  
  17  0:56  Assimilator  
  18  1:02  Probe  
  18  1:09  Gateway  
  18  1:10  Probe  
  20  1:18  Probe  
  20  1:24  Cybernetics Core  
  21  1:30  Probe  
  22  1:36  Pylon  
  22  1:43  Probe  
  23  1:54  Warp Gate  
  23  1:55  Probe  
  24  2:01  Stalker x2  
  28  2:14  Pylon  
  28  2:28  Probe  
  29  2:35  Stargate  
  29  2:38  Stalker  
  29  2:42  Stalker  
  32  3:08  Nexus  
  32  3:11  Oracle  
  32  3:16  Probe  
  36  3:28  Pylon  
  36  3:31  Probe  
  37  3:43  Probe  
  37  3:44  Oracle  
  41  4:00  Robotics Facility  
  41  4:09  Probe  
  40  4:21  Probe  
  40  4:22  Stalker x2, Probe  
  46  4:32  Probe  
  46  4:33  Twilight Council  
  46  4:34  Probe  
  48  4:41  Probe  
  49  4:46  Probe  
  49  4:50  Probe  
  50  4:55  Blink  
  50  4:58  Probe  
  52  5:03  Stalker x2  
  52  5:06  Twilight Council  
  51  5:07  Probe  
  51  5:18  Shield Battery, Probe  
  52  5:24  Immortal  
  52  5:27  Zealot x2  
  54  5:47  Zealot x2  
  48  6:08  Stalker x2  
  50  6:11  Immortal  
  45  6:22  Probe  
  45  6:24  Gateway x2  
  48  6:31  Stalker x2  
  52  6:33  Probe  
  52  6:35  Probe  
  46  6:56  Stalker  
  46  6:57  Stalker  
  46  7:00  Warp Prism  
  52  7:02  Charge  
  52  7:15  Probe x2  
  52  7:27  Probe  
  52  7:28  Probe  
  54  7:43  Pylon  
  54  7:48  Templar Archives  
  54  7:52  Pylon  
  54  8:01  Probe x2  
  54  8:02  Gateway x2  
  56  8:05  Pylon  
  56  8:13  Probe x2  
  56  8:18  Zealot x3  
  64  8:28  Zealot  
  66  8:39  Zealot, High Templar x2  
  72  8:46  Archon  
  72  8:47  Pylon x2  
  64  9:07  Zealot x3  
  64  9:08  Zealot  
  72  9:13  Zealot x2  
  66  9:29  Zealot x4  
Tags
 
Add a new tag
Caveats
  • Supply blocks, unpowered buildings, or Contaminate may cause inaccurate times.
  • Supply counts are checked every 10 seconds.